Map: Oiseau de foudre EC

Players

PtitDrogo - Winner!

  • Race: Protoss Protoss
  • Spawn Location: 5:00

ShaDoWn

  • Race: Protoss Protoss
  • Spawn Location: 11:00

Event: 2019 WCS Summer

VOD

Have the link to the VOD?

Description

Time

  • Played on: July 12, 2019, 6:37 a.m.
  • Length: 4:55

All games in this series

Show
View Real Time Build Order
Export as new Build Order

PtitDrogo Protoss - Winner!

Build Orders:  

Get SALT Encoding   

  12  0:00  Probe  
  13  0:12  Probe  
  14  0:17  Pylon  
  14  0:24  Probe  
  15  0:33  Probe  
  15  0:35  Gateway  
  15  0:41  Probe  
  16  0:46  Assimilator  
  17  0:51  Probe  
  17  0:54  Assimilator  
  18  1:02  Probe  
  19  1:07  Gateway  
  19  1:10  Probe  
  19  1:18  Probe  
  20  1:23  Cybernetics Core  
  21  1:29  Probe  
  21  1:32  Pylon  
  22  1:41  Probe  
  23  1:50  Warp Gate  
  23  1:53  Probe  
  28  2:03  Adept x2  
  28  2:16  Pylon  
  28  2:24  Robotics Facility  
  28  2:33  Stalker x2  
  32  2:41  Gateway  
  32  3:03  Stalker x2, Warp Prism  
  38  3:22  Pylon  
  38  3:33  Pylon  
  38  3:41  Sentry x3  
  44  3:56  Nexus  
  44  4:08  Adept x2  
  48  4:10  Sentry  
  50  4:29  Stalker x2  
  48  4:40  Stalker  
  43  4:53  Sentry, Zealot  
Show
View Real Time Build Order
Export as new Build Order

ShaDoWn Protoss 

Build Orders: 1 Gate Expand, Phoenix Opening 

Get SALT Encoding   

  12  0:00  Probe  
  13  0:12  Probe  
  14  0:17  Pylon  
  14  0:24  Probe  
  15  0:32  Probe  
  15  0:37  Gateway  
  15  0:40  Probe  
  16  0:46  Assimilator  
  17  0:51  Probe  
  18  1:03  Probe  
  19  1:15  Probe  
  20  1:24  Cybernetics Core  
  20  1:30  Nexus  
  20  1:34  Probe  
  21  1:40  Pylon  
  21  1:46  Probe  
  22  1:48  Assimilator  
  22  1:58  Probe  
  22  2:00  Stalker  
  25  2:03  Warp Gate  
  25  2:10  Probe  
  26  2:22  Probe  
  27  2:24  Stalker  
  27  2:28  Pylon  
  29  2:38  Probe, Robotics Facility  
  30  2:44  Probe  
  31  2:54  Sentry  
  31  2:55  Probe  
  31  2:56  Probe  
  35  3:03  Shield Battery  
  35  3:07  Probe  
  35  3:08  Probe  
  36  3:14  Immortal  
  35  3:20  Shield Battery  
  38  3:28  Phoenix  
  38  3:30  Gateway  
  38  3:35  Probe  
  38  3:38  Probe  
  38  3:41  Immortal  
  40  3:46  Pylon  
  44  3:56  Probe  
  44  3:58  Probe  
  46  4:06  Shield Battery  
  46  4:10  Sentry  
  46  4:12  Shield Battery  
  48  4:19  Shield Battery  
  48  4:20  Shield Battery  
  46  4:30  Sentry  
  38  4:40  Stalker  
  38  4:41  Probe  
  38  4:42  Probe  
Tags
 
Add a new tag
Caveats
  • Supply blocks, unpowered buildings, or Contaminate may cause inaccurate times.
  • Supply counts are checked every 10 seconds.